 Seeded DCSS version 0.29-a0-337-g68df138881 (webtiles) character file.

Game seed: 20220416 (custom seed)

458 a11behringer the Cleaver (level 7, 0/60 HPs)
             Began as a Hill Orc Cinder Acolyte on Apr 16, 2022.
             Was a High Priest of Ignis.
             Slain by a gnoll
             ... wielding a +0 flail
              (3 damage)
             ... on level 2 of the Dungeon.
             The game lasted 00:07:43 (2661 turns).

a11behringer the Cleaver (Hill Orc Cinder Acolyte)  Turns: 2661, Time: 00:07:43

Health: 0/60       AC:  9    Str: 19    XL:     7   Next: 6%
Magic:  8/8        EV:  7    Int: 14    God:    Ignis [*****.]
Gold:   201        SH:  0    Dex:  6    Spells: 6/8 levels left

rFire   + . .      SeeInvis .   a - -1 hand axe (flame)
rCold   . . .      Faith    .   (no shield)
rNeg    + . .      Spirit   .   e - +0 chain mail
rPois   .          Reflect  .   (no helmet)
rElec   .          Harm     .   (no cloak)
rCorr   .          Rampage  .   (no gloves)
Will    .....                   (no boots)
Stlth   ..........              g - amulet of magic regeneration
HPRegen 0.20/turn               o - ring of positive energy
MPRegen 0.51/turn               (no ring)

@: no status effects
A: no striking features
a: Renounce Religion, Fiery Armour, Foxfire Swarm, Rising Flame


You were on level 2 of the Dungeon.
You worshipped Ignis.
Ignis was extremely pleased with you.
You visited 1 branch of the dungeon, and saw 3 of its levels.

You collected 201 gold pieces.

Inventory:

Hand Weapons
 a - a -1 hand axe of flaming (weapon)
Armour
 b - a +0 robe
 e - a +0 chain mail (worn)
Jewellery
 g - an amulet of magic regeneration (around neck)
 o - a ring of positive energy (left hand)
Scrolls
 d - a scroll of enchant weapon {unknown}
 h - a scroll of identify {unknown}
 i - a scroll of teleportation {unknown}
 k - a scroll of fear {unknown}
 l - 2 scrolls of enchant armour {unknown}
 m - a scroll of immolation {unknown}
 n - a scroll of torment {unknown}
Potions
 c - a potion of mutation {unknown}
 f - 2 potions of degeneration {unknown}
 j - 5 potions of curing {unknown}


   Skills:
 + Level 4.9 Fighting
 * Level 8.0 Axes
 + Level 3.1 Armour
 + Level 0.7 Dodging
 + Level 1.0 Spellcasting
 + Level 3.7 Fire Magic


You had 6 spell levels left.
You knew the following spells:

 Your Spells              Type           Power      Damage    Failure   Level
a - Scorch                Fire           22%        2d6       69%         2

Your spell library contained the following spells:

 Spells                   Type           Power      Damage    Failure   Level


Dungeon Overview and Level Annotations

Branches:
Dungeon (3/15)

Altars:
Nemelex Xobeh
Yredelemnul


Message History

You hit the gnoll sergeant but do no damage.
The gnoll sergeant is severely wounded.
The gnoll sergeant hits you with a +0 spear.
A gnoll comes into view. It is wielding a +0 spear.
You barely miss the gnoll sergeant.
The gnoll sergeant is severely wounded.
The gnoll sergeant hits you with a +0 spear!
* * * LOW HITPOINT WARNING * * *
You hit the gnoll sergeant. You burn the gnoll sergeant.
The gnoll sergeant is almost dead.
The gnoll sergeant barely misses you.
You barely miss the gnoll sergeant.
The gnoll sergeant is almost dead.
The gnoll sergeant hits you but does no damage.
You closely miss the gnoll sergeant.
The gnoll sergeant is almost dead.
The gnoll sergeant hits you with a +0 spear.
* * * LOW HITPOINT WARNING * * *
You slash the gnoll sergeant! You burn the gnoll sergeant.
You kill the gnoll sergeant!
Your Axes skill increases to level 8!
Your Armour skill increases to level 3!
You have reached level 7!
As you open the door, it creaks loudly! The gnoll attacks as you move away!
The gnoll completely misses you.
There is an open door here.
The gnoll attacks as you move away! The gnoll hits you but does no damage.
Found a mace.
There is a stone staircase leading up here.
The gnoll hits you with a +0 flail.
* * * LOW HITPOINT WARNING * * *
You climb upwards.
There is a stone staircase leading down here.
You hit the gnoll. You burn the gnoll.
The gnoll is lightly wounded.
The gnoll hits you with a +0 flail.
* * * LOW HITPOINT WARNING * * *
You barely miss the gnoll.
The gnoll is lightly wounded.
The gnoll hits you with a +0 flail.
You die...

### #.# #.# #.####
################.g..#
................@##.#
###################.#
# #.# # #.# # #.# #
####### #.# # #.....#
#.# # #.###.# #.#
#########.###.#####.#


You could see a gnoll.

Vanquished Creatures
  Sigmund (D:3)
  A gnoll sergeant (D:3)
  An orc priest (D:3)
  Jessica (D:3)
  An orc wizard (D:3)
  2 human skeletons (D:3)
  A gnoll (D:3)
  3 adders
  2 worms
  3 dart slugs
  3 orcs
  5 endoplasms
  3 giant cockroaches
  3 goblins
  5 hobgoblins
  4 jackals (D:2)
  2 quokkas
  4 ball pythons
  7 bats
  A frilled lizard (D:2)
  5 kobolds
  2 rats
60 creatures vanquished.

Vanquished Creatures (others)
  A hobgoblin (D:3)
  6 plants (D:1)
7 creatures vanquished.

Grand Total: 67 creatures vanquished

Notes
Turn   | Place    | Note
-------+----------+-------------------------------------------
     0 | D:1      | a11behringer the Hill Orc Cinder Acolyte began the quest
                  | for the Orb.
     0 | D:1      | Reached XP level 1. HP: 19/19 MP: 2/2
   265 | D:1      | Reached XP level 2. HP: 24/27 MP: 3/3
   268 | D:1      | Learned a level 2 spell: Scorch
   306 | D:1      | Found a faded altar of an unknown god.
  1085 | D:2      | Reached XP level 3. HP: 33/33 MP: 4/4
  1544 | D:2      | Reached skill level 5 in Axes
  1816 | D:2      | Reached XP level 4. HP: 39/40 MP: 5/5
  1981 | D:3      | Found a runed translucent door.
  1981 | D:3      | Noticed a human
  1985 | D:3      | Reached skill level 1 in Armour
  2002 | D:3      | Reached skill level 6 in Axes
  2002 | D:3      | Reached XP level 5. HP: 31/47 MP: 6/6
  2002 | D:3      | Found a basalt altar of Yredelemnul.
  2292 | D:3      | Noticed Sigmund
  2306 | D:3      | Killed Sigmund
  2307 | D:3      | Reached skill level 7 in Axes
  2307 | D:3      | Reached XP level 6. HP: 42/53 MP: 7/7
  2409 | D:3      | Found a sparkling altar of Nemelex Xobeh.
  2464 | D:3      | Noticed Jessica
  2471 | D:3      | Killed Jessica
  2638 | D:3      | Reached skill level 8 in Axes
  2638 | D:3      | Reached XP level 7. HP: 7/60 MP: 8/8
  2660 | D:2      | HP: 3/60 [gnoll/+0 flail (5)]
  2661 | D:2      | Slain by a gnoll

Illustrated notes

Levels and vault maps discovered:
D:1:      dpeg_arrival_windows_large_door, layout_rooms, serial_forest,
          infiniplex_forest_end_3, infiniplex_forest_clump_C,
          infiniplex_forest_split, infiniplex_forest_clump_double,
          infiniplex_forest_split, infiniplex_forest_lined_4_way,
          infiniplex_forest_lined_4_way, infiniplex_forest_end_2,
          infiniplex_forest_straight_3,
          shapermc_ecumenical_altar_mp_urbaneastern, minivault_19
D:2:      layout_basic
D:3:      layout_basic, nemelex_spade_bored_becter, dk_yredelemnul_ordeal,
          uniq_crazy_yiuf_cottage, uniq_sigmund, uniq_jessica

Skill      XL: |  1  2  3  4  5  6 |
---------------+-------------------+-----
Fighting       | 4 |  4.9
Axes           | 5 6 7 8 |  8.0
Armour         | 1 2 3 |  3.1
Dodging        | |  0.7
Spellcasting   | |  1.0
Fire Magic     | |  3.7

Action                   |  1- 3 |  4- 6 |  7- 9 || total
-------------------------+-------+-------+-------++-------
Melee: Hand axe          |   141 |    78 |     2 ||   221
       Punch             |     1 |       |       ||     1
Invok: Fiery Armour      |       |     2 |       ||     2
Armor: Chain mail        |    89 |    30 |     1 ||   120
       Robe              |     5 |       |       ||     5
Dodge: Dodged            |    57 |    23 |     1 ||    81

Table legend: (Time is in decaauts)
 A = Elapsed time spent in this place.
 B = Non-inter-level travel time spent in this place.
 C = Inter-level travel time spent in this place.
 D = Time resting spent in this place.
 E = Time spent auto-exploring this place.
 F = Levels seen in this place.
 G = Mean time per level.
                   A        B        C        D        E       F      G
               +--------+--------+--------+--------+--------+-----+--------+
         Total |   2669 |   2558 |    111 |      0 |   2029 |   3 |  889.7 |
       Dungeon |   2669 |   2558 |    111 |      0 |   2029 |   3 |  889.7 |
               +--------+--------+--------+--------+--------+-----+--------+

Top non-repeatable levels by time:
     D:1: 1087 daAuts
     D:2: 902 daAuts
     D:3: 679 daAuts
